Map: Ice and Chrome LE

Players

Massa - Winner!

  • Race: Terran Terran
  • League: Gold
  • Spawn Location: 7:00

VOD

Have the link to the VOD?

Description

Time

  • Played on: July 28, 2020, 7:08 a.m.
  • Length: 12:01
Show
View Real Time Build Order
Export as new Build Order

Massa Terran - Winner!

Build Orders:  

Get SALT Encoding   

  12  0:02  SCV  
  13  0:21  Supply Depot  
  13  0:25  SCV  
  14  0:42  SCV  
  15  0:55  Barracks  
  15  0:59  SCV  
  16  1:11  Barracks  
  16  1:17  SCV  
  17  1:32  Supply Depot  
  17  1:40  SCV  
  18  1:51  Refinery  
  18  1:54  Refinery  
  18  1:57  SCV  
  19  2:01  Marine  
  20  2:17  Marine  
  21  2:26  Orbital Command, Marine  
  22  2:42  Marine  
  23  2:50  Marine  
  24  3:07  Marine  
  25  3:15  Marine  
  26  3:32  Marine  
  27  3:40  Marine  
  27  3:48  Command Center  
  28  3:57  Marine  
  28  3:58  Supply Depot  
  29  4:02  SCV  
  29  4:05  Marine  
  31  4:27  Supply Depot  
  31  4:28  SCV, Marine  
  33  4:30  Marine  
  34  4:45  SCV  
  35  4:53  Marine  
  35  4:55  Marine  
  37  5:01  SCV  
  38  5:17  Marine, Engineering Bay  
  39  5:20  Marine  
  39  5:22  Factory  
  39  5:29  Supply Depot  
  40  5:35  Barracks  
  40  5:37  SCV x2  
  42  5:42  Marine  
  42  5:45  Marine  
  44  5:54  SCV x2  
  46  6:07  Marine, Terran Infantry Weapons Level 1  
  47  6:10  Marine  
  47  6:13  Orbital Command, SCV  
  49  6:28  Factory Tech Lab  
  49  6:35  Marine x2  
  51  6:41  SCV  
  52  6:50  SCV  
  52  6:58  SCV  
  54  7:00  Marine x2  
  54  7:07  SCV  
  56  7:15  SCV  
  50  7:22  Stimpack  
  50  7:24  SCV  
  50  7:26  Barracks Tech Lab, Marine x2  
  53  7:31  Siege Tank  
  53  7:32  SCV  
  57  7:45  Starport  
  57  7:49  Starport  
  57  7:51  Marine x2  
  57  7:53  Marauder  
  61  8:03  SCV x2  
  63  8:15  Widow Mine  
  63  8:16  Marine x2  
  65  8:22  Command Center  
  65  8:23  Marauder  
  66  8:41  Marine  
  66  8:45  Widow Mine  
  67  8:53  Marauder  
  66  10:42  Widow Mine  
  66  10:45  Barracks Reactor, Barracks Tech Lab  
  66  10:46  Marauder  
  68  10:57  Starport Tech Lab  
  68  10:58  Starport Reactor  
  70  11:12  Widow Mine  
  70  11:16  Marine  
Tags
 
League
Gold
Matchup
Co-op
Replay Pack
Multiplayer
Add a new tag
Caveats
  • Supply blocks, unpowered buildings, or Contaminate may cause inaccurate times.
  • Supply counts are checked every 10 seconds.